Cogmind - Beta 17 @@@ ROGUE MODE // 2026.06.28 @ 12:22:59 Player: puppuppit Result: Destroyed by Segregator Performance ------------- Evolutions (5) 2500 Regions Visited (10) 2000 Robots Destroyed (216) 1080 Value Destroyed (7464) 7464 Prototype IDs (61) 1220 Alien Tech Used (0) 0 Bonus (3264) 3264 TOTAL SCORE: 17528 Bonus ------- High Alert Combat Kills 1455 Follower Combat Kills 74 Entered Garrisons 200 Used RIF Installer 500 Registered with UFD 300 Met Optimus in HQ 500 Met Data Miner 300 Friendly Fire -65 Cogmind --------- Core Integrity 0/1000 Matter 224/300 Energy 315/315 System Corruption 11% Temperature Cool (0) Movement Treading (156) Location -5/Garrison Parts ------- > --- POWER (2) -------- Neutrino Core > --- PROPULSION (6) --- Enhanced Armored Medium Treads (fused) Improved Heavy Treads Improved Heavy Treads Biometal Medium Treads > --- UTILITY (6) ------ Advanced Heat Sink Medium Storage Unit Energy Filter (fused) Improved Transmission Jammer (fused) Advanced Point Defense System Self-contained Transmogrifier > --- WEAPON (3) ------- Precision Rocket Launcher (fused) Advanced Concussive RPG (fused) Segregator > --- INVENTORY (10) --- Antigrav Array Coolant Injector Coolant Injector Improved Matter Compressor (300) Gravity Neutralizer Improved Medium Armor Plating Wave Gun Nova Cannon Peak State ------------ > --- POWER ------------ F-cell Engine > --- PROPULSION ------- Advanced Medium Treads Advanced Medium Treads Flightbrick > --- UTILITY ---------- High-capacity Storage Unit Advanced Sensor Array Improved Signal Interpreter 0b10 Decoder Chip [Skirmisher] Weapon Cycler Heavy Reflective Plating Self-contained Transmogrifier > --- WEAPON ----------- Enhanced Force Rifle Flak Gun Gauss Cannon > --- INVENTORY -------- Subdweller Power Source Fission Core Coolant Injector High-capacity Matter Pod High-capacity Matter Pod Improved Matter Compressor Rocket Booster Weapon Cycler Improved Reaction Control System Authchip [R/Combat] Authchip [Propulsion] Authchip [Weapon] Power Bank Variable Charge Gun Subdweller Shrapnel Launcher Junk Cannon Flail Shock Maul Vortex Trap [Rating: 116] Favorites ----------- Power Subdweller Power Source Engine Subdweller Power Source Power Core Nuclear Core Propulsion Light Treads Treads Light Treads Leg Carbon-fiber Leg Wheel Wheel Hover Unit Cooled Aerolev Unit Flight Unit VTOL Module Utility Self-contained Transmogrifier Device Self-contained Transmogrifier Storage High-capacity Storage Unit Processor Armor Integrity Analyzer Hackware System Shield Protection Improved Medium Armor Plating Weapon Subdweller Beam Cannon Energy Gun Force Rifle Energy Cannon Subdweller Beam Cannon Ballistic Gun Assault Rifle Ballistic Cannon Battle Cannon Launcher Proton Missile Launcher Special Weapon Plasma Cutter Impact Weapon Gravity Flail Slashing Weapon Phasing Sabre Piercing Weapon Heavy Pick Build | -11 -10 -10 -9 -9 -6 -6 -6 -5 -5 -5 ------- Run | Yrd Mat Sub Rec Scr Fac Low Dat Pro Fac Gar Slots Evolved 10 | . . . . . 8 . . . 2 . Power 1 | . . . . . . . . . 1 . Propulsion 4 | . . . . . 4 . . . . . Utility 4 | . . . . . 3 . . . 1 . Weapon 1 | . . . . . 1 . . . . . Parts Attached 159 | 7 7 15 1 . 53 9 . 2 27 38 Power 18 | 1 1 5 . . 2 . . . 3 6 Engine 11 | 1 . 5 . . . . . . 2 3 Core 7 | . 1 . . . 2 . . . 1 3 Reactor . | . . . . . . . . . . . Propulsion 41 | 2 1 2 . . 16 3 . . 5 12 Treads 10 | 2 1 2 . . . . . . . 5 Leg 11 | . . . . . 10 . . . . 1 Wheel 6 | . . . . . . 1 . . 5 . Hover 4 | . . . . . 3 . . . . 1 Flight 10 | . . . . . 3 2 . . . 5 Utility 48 | 2 2 1 1 . 22 2 . 1 10 7 Device 26 | 1 1 1 . . 12 1 . . 5 5 Storage 6 | 1 1 . 1 . 1 . . . 2 . Processor 10 | . . . . . 7 . . 1 1 1 Hackware 3 | . . . . . 1 1 . . 1 . Protection 3 | . . . . . 1 . . . 1 1 Artifact . | . . . . . . . . . . . Weapon 52 | 2 3 7 . . 13 4 . 1 9 13 Energy Gun 12 | 1 . 1 . . 6 . . . 1 3 Energy Cannon 9 | . . 2 . . 2 . . . 4 1 Ballistic Gun 10 | 1 2 . . . 1 . . . . 6 Ballistic Cannon 10 | . . 3 . . 1 . . . 4 2 Launcher 4 | . 1 1 . . 1 . . 1 . . Special Weapon 2 | . . . . . 1 1 . . . . Impact Weapon 1 | . . . . . 1 . . . . . Slashing Weapon 3 | . . . . . . 2 . . . 1 Piercing Weapon 1 | . . . . . . 1 . . . . Special Melee Weapon . | . . . . . . . . . . . Unidentified Prototypes 10 | . . 1 . . 5 . . . 2 2 Corrupted Parts 2 | . . . . . 1 1 . . . . System Corruption 15 | . . . . . 14 1 . . . . Parts Lost 56 | . 1 1 . . 27 1 . . 12 14 Power 6 | . . . . . 2 . . . 1 3 Propulsion 25 | . . . . . 16 1 . . 6 2 Utility 10 | . 1 . . . 3 . . . 1 5 Weapon 15 | . . 1 . . 6 . . . 4 4 Highest Loss Streak 17 | . 1 1 . . 17 1 . . 7 11 To Critical Strikes 2 | . . . . . 1 . . . 1 . Average Backups 10 | 1 7 11 12 15 16 4 4 4 6 7 Power 1 | . . 1 2 1 1 . . . . . Propulsion 1 | . . 1 1 1 2 . . . 1 1 Utility 5 | 1 3 3 7 10 9 4 3 3 3 2 Weapon 2 | . 3 3 2 1 2 . 1 1 1 3 Tool/Special . | . . . . . . . . . . . Unused Backups 47 | . 4 9 2 8 12 . . . 6 6 Power 5 | . . 1 . 1 1 . . . 2 . Propulsion 5 | . . 2 . . . . . . 1 2 Utility 21 | . 3 1 1 4 8 . . . 2 2 Weapon 13 | . 1 5 1 1 3 . . . . 2 Tool/Special 3 | . . . . 2 . . . . 1 . Average Slot Usage (%) 90 | . 98 99 95 84 83 62 74 79 84 89 Engine 4 | . 4 12 1 . 1 . . . 6 2 Core 6 | . 9 1 12 14 3 . . . 3 7 Treads 16 | . 27 28 24 14 8 . . . . 13 Leg 2 | . . . . . 16 . . . . . Wheel 2 | . . . . . . 1 6 6 21 2 Flight 2 | . . . . . 1 17 20 20 . 9 Device 14 | . 13 14 14 14 16 13 13 12 10 19 Storage 9 | . 14 14 14 14 5 . . . 2 5 Processor 3 | . . . . . 7 12 13 17 11 2 Protection 1 | . . . . . . 2 6 2 6 2 Energy Gun 4 | . 3 . 7 12 4 1 . 5 2 2 Energy Cannon 4 | . . 12 . . 1 . . . 10 . Ballistic Gun 4 | . 24 3 . . 1 . . . . 5 Ballistic Cannon 3 | . . 8 1 . 1 . . . 2 2 Launcher 2 | . . . 17 3 . . . . . 4 Impact Weapon 1 | . . . . . 6 . . . . . Slashing Weapon 2 | . . . . 12 . 4 6 5 . . Peak Build Rating 116 | 9 12 31 42 56 116 50 50 51 83 114 Average Rating 47 | 7 10 20 36 48 87 42 45 49 74 80 On Entrance 35 | . 9 12 31 42 56 43 50 50 49 45 Avg Prop Armor Cover (%) 9 | . . . . . 14 7 7 10 3 7 Naked Turns . | . . . . . . . . . . . Heaviest Build 86 | 14 29 43 59 64 86 12 12 23 74 69 Greatest Support 220 | 40 40 48 70 75 200 13 13 13 84 220 Greatest Overweight (x) 5 | . . 1 1 . 4 1 . 3 5 5 Average Overweight (x) . | . . . . . . . . 1 . 1 Largest Inventory Capacity 20 | 8 15 15 20 20 20 5 5 5 10 10 Average Capacity 14 | 7 10 15 17 20 19 5 5 5 7 10 Most Carried 20 | 3 10 15 20 20 20 5 5 5 10 10 Average Carried 13 | 1 7 14 16 19 17 4 5 5 7 7 Final Capacity 20 | 8 15 15 20 20 5 5 5 5 10 10 Final Carried 20 | 3 10 15 20 20 5 5 5 5 9 9 Transmogrified Parts 120 | . . 14 17 24 31 4 . 3 8 19 Integrity Recovered 1379 | . . 200 113 95 421 24 . 62 101 363 Class Distribution -------------------- 66% | Mutant 7% | Scavenger-Tank 6% | Scavenger-Mutant 5% | Tank 4% | Gunner 4% | Derelict-Mutant Dominant Class ---------------- Mutant | -10/Materials Mutant | -10/Subcaves Mutant | -9/Recycling Mutant | -9/Scraptown Mutant | -6/Factory Sprinter | -6/Lower Caves Derelict-Mutant | -6/Data Miner Derelict-Mutant | -5/Proximity Caves Tank | -5/Factory Scavenger-Tank | -5/Garrison Resources | -11 -10 -10 -9 -9 -6 -6 -6 -5 -5 -5 ----------- Run | Yrd Mat Sub Rec Scr Fac Low Dat Pro Fac Gar Matter Collected 6393 | 371 846 476 190 . 1817 335 . 76 599 1683 Remotely . | . . . . . . . . . . . Salvage Created 9228 | 292 743 383 544 204 3484 101 . 349 1722 1406 Parts 382 | 34 53 21 21 3 99 5 . 5 90 51 Haulers Intercepted 4 | . 2 . . . 1 . . . 1 . Recyclers Shooed 10 | . . . 1 . 7 . . . 2 . Parts Field Recycled . | . . . . . . . . . . . Retrieved Matter . | . . . . . . . . . . . Parts Self-Destructed 18 | . . 2 . 3 . 5 . 8 . . Prevented . | . . . . . . . . . . . Parts Restored . | . . . . . . . . . . . Kills | -11 -10 -10 -9 -9 -6 -6 -6 -5 -5 -5 ------- Run | Yrd Mat Sub Rec Scr Fac Low Dat Pro Fac Gar Combat Hostiles Destroyed 137 | . 13 10 4 . 54 2 . 3 25 26 Melee 8 | . . . . . 6 2 . . . . Guns 28 | . 10 1 . . 9 . . 1 . 7 Cannons 41 | . . 7 . . 4 . . . 14 16 AOE 50 | . 3 2 4 . 28 . . 2 9 2 Classes Destroyed 18 | 3 4 1 2 . 7 . . . . 1 Worker 17 | 2 1 . . . 12 . . . 2 . Builder 13 | . . . 2 . 4 . . . 7 . Tunneler 11 | 9 . . . . 1 . . . 1 . Hauler 4 | . 2 . . . 1 . . . 1 . Recycler 22 | 1 4 . 4 . 11 . . . 2 . Mechanic 1 | . . . . . 1 . . . . . Operator 3 | . . . . . 3 . . . . . Watcher 8 | . 3 . . . 2 . . . 3 . Swarmer 43 | . 9 . . . 11 2 . . 9 12 Saboteur 2 | . . . . . . . . . . 2 Grunt 46 | . 4 . . . 26 . . 3 7 6 Brawler 1 | . . . . . 1 . . . . . Duelist 1 | . . . . . 1 . . . . . Protector 1 | . . . . . 1 . . . . . Sentry 13 | . . . 4 . 3 . . . 2 4 Hunter 10 | . . . . . 5 . . . 3 2 Programmer 10 | . . . . . 6 . . . 4 . Subdweller 10 | . . 10 . . . . . . . . Best Kill Streak 15 | 4 4 2 3 . 14 2 . 3 5 15 Combat Bots Only 17 | . 3 2 2 . 17 2 . 3 5 15 Max Kills in Single Turn 5 | 1 3 2 2 . 5 1 . 1 4 3 Gunslinging . | . . . . . . . . . . . Exploded 4 | . 3 2 2 . 3 . . 1 4 2 Melee 1 | . . . . . 1 1 . . . . Uniques/NPCs Destroyed . | . . . . . . . . . . . Combat | -11 -10 -10 -9 -9 -6 -6 -6 -5 -5 -5 -------- Run | Yrd Mat Sub Rec Scr Fac Low Dat Pro Fac Gar Hostile Shots Fired 1092 | . 35 46 10 35 497 23 . . 185 261 Missed 295 | . 9 16 6 9 143 7 . . 42 63 Hits 797 | . 26 30 4 26 354 16 . . 143 198 Melee 10 | . . . . 8 2 . . . . . Projectile 787 | . 26 30 4 18 352 16 . . 143 198 AOE 5 | . . 2 . . 3 . . . . . Critical Strikes 35 | . 1 . 1 . 15 . . . 10 8 Part Disruptions 1 | . . . . . 1 . . . . . Damage Taken 12803 | . 253 622 100 294 5366 256 . . 2596 3316 Core 1773 | . 57 60 6 80 458 110 . . 330 672 Absorbed by Shields 281 | . . . . . 221 . . . . 60 Reduced by Siege Mode 244 | . . . . . 244 . . . . . Ignored by Resistances 791 | . . . . . 165 . . . 115 511 Regen/Repaired (Parts) 244 | . 244 . . . . . . . . . Core Remaining (%) 50 | 100 . . . 18 . . . 33 . . Volleys Fired 478 | 19 48 74 15 5 109 . . 6 73 129 Largest 3 | 2 2 2 2 2 3 . . 1 3 3 Hottest 263 | 60 60 160 119 240 161 . . 81 235 263 Shots Fired 853 | 38 95 110 20 6 204 . . 7 170 203 Gun 432 | 38 94 22 6 6 125 . . 5 6 130 Cannon 345 | . . 76 . . 45 . . . 159 65 Launcher 74 | . 1 12 14 . 32 . . 2 5 8 Special 2 | . . . . . 2 . . . . . Kinetic 389 | 19 88 29 . . 110 . . . 24 119 Thermal 287 | 19 6 67 6 6 55 . . 5 47 76 Explosive 26 | . 1 8 2 . . . . 2 5 8 Electromagnetic 149 | . . 6 12 . 37 . . . 94 . Impact 2 | . . . . . 2 . . . . . Robot Hit Streak 25 | 4 10 11 11 7 17 . . 4 11 25 Robot Miss Streak 5 | 2 4 3 4 . 5 . . 1 5 5 Penetration Max 1 | . . . . . . . . . 1 1 Secondary Targets 2 | . 1 1 . . . . . . . . Max Gunslinging Chain 1 | . 1 1 . . . . . . . . Shots Hit Robots 553 | 21 55 36 13 16 156 4 . 10 102 140 Core Hits 403 | 13 39 25 22 4 163 3 . 6 58 70 Critical Kills 8 | . . 1 . . 7 . . . . . Critical Parts Destroyed 14 | . . . . . 13 . . . . 1 Critical Strikes 33 | . . 1 . . 24 . . 1 . 7 Burn 2 | . . . . . . . . 1 . 1 Destroy 12 | . . 1 . . 10 . . . . 1 Blast 7 | . . . . . 2 . . . . 5 Corrupt 1 | . . . . . 1 . . . . . Smash 11 | . . . . . 11 . . . . . Melee Attacks 90 | . . . . 12 61 6 . 5 1 5 Thermal 1 | . . . . . . . . . . 1 Impact 61 | . . . . . 61 . . . . . Slashing 24 | . . . . 12 . 6 . 5 1 . Piercing 4 | . . . . . . . . . . 4 Sneak Attacks 12 | . . . . . 11 . . . 1 . Combat Hostiles . | . . . . . . . . . . . Follow-up Attacks 3 | . . . . 1 2 . . . . . Damage Inflicted 24461 | 294 748 1124 673 1043 10415 188 . 619 4609 4748 Guns 5918 | 294 627 159 125 132 1889 . . 72 74 2546 Cannons 5483 | . . 361 . . 651 . . . 3158 1313 Explosions 8837 | . 121 589 548 . 5159 . . 258 1285 877 Melee 4029 | . . . . 911 2552 188 . 289 89 . Ramming 59 | . . 15 . . 29 . . . 3 12 Kinetic 8770 | 161 568 220 . . 5222 . . . 528 2071 Thermal 5315 | 133 59 318 162 132 1473 . . 72 1178 1788 Explosive 3362 | . 121 516 224 . 272 . . 258 1094 877 Electromagnetic 2791 | . . 55 287 . 732 . . . 1717 . Impact 2687 | . . . . . 2687 . . . . . Slashing 1477 | . . . . 911 . 188 . 289 89 . Piercing . | . . . . . . . . . . . Highest Corruption 20 | . . . . . 19 20 20 20 4 11 Average Corruption 8 | . . . . . 4 19 20 20 2 10 Corruption Purged . | . . . . . . . . . . . Corruption Blocked . | . . . . . . . . . . . Effects 143 | . . . . . 29 16 1 19 16 62 Message Errors 34 | . . . . . 6 6 . 8 4 10 Matter Fused 33 | . . . . . 6 3 . 2 3 19 Heat Flow Errors 14 | . . . . . 3 2 . 1 2 6 Energy Discharges 13 | . . . . . 4 3 1 1 1 3 Parts Rejected 2 | . . . . . 1 . . . 1 . Data Loss (minor) 19 | . . . . . 5 1 . 2 . 11 Data Loss (major) 7 | . . . . . . . . 4 1 2 Misfires 8 | . . . . . 1 . . 1 2 4 Alerts 3 | . . . . . 2 . . . 1 . Misdirections 2 | . . . . . 1 1 . . . . Weapon Failures 8 | . . . . . . . . . 1 7 Overload Shots 2 | . . . . 2 . . . . . . Effects 1 | . . . . 1 . . . . . . Short Circuit 1 | . . . . 1 . . . . . . Overflow Damage 2427 | . . . . 205 1885 . . 143 176 18 Projectiles 172 | . . . . . 44 . . . 110 18 Explosions 366 | . . . . . 349 . . . 17 . Melee 1889 | . . . . 205 1492 . . 143 49 . Knockbacks 36 | . . . . . 21 . . . 3 12 Impact 15 | . . . . . 14 . . . 1 . Kinetic 17 | . . . . . 5 . . . 2 10 Secondary 4 | . . . . . 2 . . . . 2 Self-Inflicted Damage 567 | . 5 . 44 . 188 . . . 157 173 Shots 17 | . 1 . 2 . 6 . . . 4 4 Rammed 6 | . . 4 . . . . . . 1 1 Targets Rammed 8 | . . 4 . . 2 . . . 1 1 Kicked 2 | . . . . . 2 . . . . . Crushed . | . . . . . . . . . . . Highest Temperature 453 | 20 14 189 108 453 338 268 . 238 405 404 Average Temperature 106 | 18 4 53 39 177 101 123 . 59 152 100 Received Heat Transfer 2406 | . 60 36 45 114 1024 . . . 682 445 Effects 9 | . . . . . . . . . 6 3 Shutdowns 3 | . . . . . . . . . 2 1 Energy Bleed 2 | . . . . . . . . . 1 1 Interference 1 | . . . . . . . . . 1 . Matter Decay 2 | . . . . . . . . . 2 . Damage (minor) 1 | . . . . . . . . . . 1 Siege Activations 2 | . . . . . 2 . . . . . Total Turns 52 | . . . . . 52 . . . . . Longest Duration 42 | . . . . . 42 . . . . . Martial Activations . | . . . . . . . . . . . Shielding Activations . | . . . . . . . . . . . Robots Disrupted . | . . . . . . . . . . . Combat Hostiles . | . . . . . . . . . . . Robots Corrupted 21 | . . . . . 18 . . . 3 . Combat Hostiles 9 | . . . . . 7 . . . 2 . Parts Fried 47 | . . . 3 . 32 . . . 12 . Impact Corruptions 41 | . . . . . 41 . . . . . Robots Melted 1 | . . . . . . . . . . 1 Combat Hostiles 1 | . . . . . . . . . . 1 Parts Melted 14 | . . 1 1 . 2 . . 3 2 5 Heat Transferred 7074 | 300 125 481 235 185 1623 . . 185 1410 2530 Parts Sabotaged . | . . . . . . . . . . . Parts Stolen . | . . . . . . . . . . . Parts Stripped . | . . . . . . . . . . . Power Chain Reactions 5 | . . . 2 . . . . . 3 . Alert | -11 -10 -10 -9 -9 -6 -6 -6 -5 -5 -5 ------- Run | Yrd Mat Sub Rec Scr Fac Low Dat Pro Fac Gar Maximum Alert Level 4 | . . . . . 4 . . . 3 4 Low Security (%) 51 | 100 100 . 100 . 29 . . . 38 . Level 1 7 | . . . . . 19 . . . 7 . Level 2 8 | . . . . . 2 . . . 34 14 Level 3 24 | . . . . . 36 . . . 19 55 Level 4 8 | . . . . . 11 . . . . 29 Level 5 . | . . . . . . . . . . . High Security . | . . . . . . . . . . . Max Security . | . . . . . . . . . . . Peak Influence 1455 | 15 139 . 78 . 1455 . . . 754 1381 Initial 476 | . 6 . 13 . . . . . . 476 Average 413 | 2 36 . 18 . 560 . . . 370 983 Influence Increases 5963 | 60 497 30 348 25 2402 205 . 152 1209 1035 Destroy 0b10 Robot/C 2600 | . 260 . 80 . 1060 40 . 100 540 520 Destroy 0b10 Robot/NC 475 | 60 50 . 30 25 180 5 . 15 80 30 Destroy Leader 484 | . 70 . . . 246 10 . 10 118 30 Allied During Kill 29 | . . . . . . . . 27 2 . Trap Triggered on 0b10 10 | . . . . . 10 . . . . . Successful Hack 152 | . 49 . 32 . 42 . . . 29 . Select Force Hacks 210 | . 60 . 150 . . . . . . . Disable Machine 420 | . . . . . 285 . . . 120 15 Anti-Garrison Action 250 | . . . . . . . . . . 250 Destroy Structure 718 | . 8 . 56 . 264 . . . 230 160 Partial Spotted 15 | . . . . . 15 . . . . . Lose Combat Pursuer 600 | . . 30 . . 300 150 . . 90 30 Influence Decreases 4592 | 50 507 1 377 25 949 708 950 152 529 344 Entered New Map 1712 | . 4 . 16 . . 538 950 . . 204 Time Decay 2075 | 50 364 1 335 25 579 160 . 152 409 . Lost Part 550 | . 10 . . . 270 10 . . 120 140 Lost Ally 100 | . . . . . 100 . . . . . Purge Threat 155 | . 129 . 26 . . . . . . . Squads Dispatched 42 | . 2 . . . 26 . . . 14 . Investigation 12 | . 2 . . . 7 . . . 3 . Extermination 7 | . . . . . 5 . . . 2 . Reinforcement 12 | . . . . . 6 . . . 6 . Assault 7 | . . . . . 5 . . . 2 . Garrison 4 | . . . . . 3 . . . 1 . Intercept . | . . . . . . . . . . . Searches Triggered . | . . . . . . . . . . . Data Miner Redirects 1 | . . . . . . . . . 1 . Construction Impeded 3 | . . . . . 1 . . . 2 . Haulers Reinforced 2 | . . . . . 1 . . . 1 . Active Scanning Responses . | . . . . . . . . . . . Cargo Convoy Interrupts 1 | . . . . . . . . . 1 . Stealth | -11 -10 -10 -9 -9 -6 -6 -6 -5 -5 -5 --------- Run | Yrd Mat Sub Rec Scr Fac Low Dat Pro Fac Gar Distress Signals 9 | . 1 . 1 . 4 . . . 3 . Communications Jammed . | . . . . . . . . . . . Distress Signals . | . . . . . . . . . . . Times Spotted 243 | . 17 25 4 11 99 14 . 3 42 28 Peak Tracking Total 13 | . 3 6 2 8 13 4 . 5 11 12 Tactical Retreats 17 | . . 1 . . 8 3 . . 3 2 Traps | -11 -10 -10 -9 -9 -6 -6 -6 -5 -5 -5 ------- Run | Yrd Mat Sub Rec Scr Fac Low Dat Pro Fac Gar Traps Triggered 8 | . 5 . . . 1 . . . 1 1 Indirectly . | . . . . . . . . . . . Trap Hack Attempts . | . . . . . . . . . . . Triggered . | . . . . . . . . . . . Disarmed 4 | . 4 . . . . . . . . . Reprogrammed . | . . . . . . . . . . . Reused 1 | . . . . . 1 . . . . . Traps Extracted . | . . . . . . . . . . . Installed 1 | . . . . . 1 . . . . . Triggered 1 | . . . . . 1 . . . . . Most Traps Carried 1 | . . 1 . 1 1 . . . . . Machines | -11 -10 -10 -9 -9 -6 -6 -6 -5 -5 -5 ---------- Run | Yrd Mat Sub Rec Scr Fac Low Dat Pro Fac Gar Machines Disabled 34 | . 1 1 . . 19 . . . 8 5 Max in Single Turn 4 | . 1 1 . . 4 . . . 3 1 Garrison Access 2 | . . . . . 1 . . . 1 . Garrison Relay 3 | . . . . . . . . . . 3 Machines Repaired . | . . . . . . . . . . . Machines Dismantled . | . . . . . . . . . . . Machines Sabotaged . | . . . . . . . . . . . Overloaded Fab Kills . | . . . . . . . . . . . Hacking | -11 -10 -10 -9 -9 -6 -6 -6 -5 -5 -5 --------- Run | Yrd Mat Sub Rec Scr Fac Low Dat Pro Fac Gar Machines Accessed 62 | . 11 2 14 5 18 2 4 . 6 . Terminals 24 | . 8 . 6 . 8 . . . 2 . Fabricators 3 | . . . . . 3 . . . . . Repair Stations 1 | . 1 . . . . . . . . . Recycling Units 18 | . 2 . 7 . 6 . . . 3 . Scanalyzers . | . . . . . . . . . . . Garrison Access 2 | . . . . . 1 . . . 1 . Total Hacks 239 | . 51 14 47 41 43 4 28 . 11 . Successful 181 | . 36 14 31 41 20 4 28 . 7 . Failed 57 | . 14 . 16 . 23 . . . 4 . Catastrophic 5 | . . . . . 4 . . . 1 . Database Lockouts 1 | . 1 . . . . . . . . . Manual 115 | . 40 . 32 . 33 . . . 10 . Terminals 83 | . 40 . 22 . 16 . . . 5 . Fabricators 14 | . . . . . 14 . . . . . Repair Stations 9 | . 9 . . . . . . . . . Recycling Units 39 | . 2 . 20 . 12 . . . 5 . Scanalyzers . | . . . . . . . . . . . Garrison Access 2 | . . . . . 1 . . . 1 . Terminal Hacks 110 | . 13 14 10 41 . 4 28 . . . Record 72 | . . 13 5 40 . 3 11 . . . Part Schematic 10 | . . . . . . . 10 . . . Robot Schematic 6 | . 1 . 1 . . . 4 . . . Robot Analysis 9 | . 9 . . . . . . . . . Prototype ID Bank 5 | . 1 . 1 . . . 3 . . . Open Door 1 | . . . . . . 1 . . . . Level Access Points 1 | . . . 1 . . . . . . . Terminal Index 1 | . . . 1 . . . . . . . Unreport Threat 2 | . 1 . 1 . . . . . . . Disarm Traps 1 | . 1 . . . . . . . . . Proto ID Catalog 2 | . . 1 . 1 . . . . . . Fabricator Hacks 4 | . . . . . 4 . . . . . Network Status 1 | . . . . . 1 . . . . . Load Schematic 1 | . . . . . 1 . . . . . Build 2 | . . . . . 2 . . . . . Repair Station Hacks 9 | . 9 . . . . . . . . . Scan Component 5 | . 5 . . . . . . . . . Repair 4 | . 4 . . . . . . . . . Recycling Unit Hacks 3 | . . . 3 . . . . . . . Retrieve Components 3 | . . . 3 . . . . . . . Scanalyzer . | . . . . . . . . . . . Garrison Access Hacks 2 | . . . . . 1 . . . 1 . Unlock Access 1 | . . . . . . . . . 1 . Seal Access 1 | . . . . . 1 . . . . . Unauthorized Hacks 53 | . 14 . 18 . 15 . . . 6 . Terminals 28 | . 12 . 9 . 4 . . . 3 . Track 1 | . . . . . 1 . . . . . Assimilate 1 | . 1 . . . . . . . . . Botnet 13 | . 5 . 4 . 2 . . . 2 . Operators 2 | . 1 . . . 1 . . . . . Skim 11 | . 5 . 5 . . . . . 1 . Fabricators 4 | . . . . . 4 . . . . . Report 1 | . . . . . 1 . . . . . Prioritize 1 | . . . . . 1 . . . . . Liberate 1 | . . . . . 1 . . . . . Haulers 1 | . . . . . 1 . . . . . Repair Stations . | . . . . . . . . . . . Recycling Units 21 | . 2 . 9 . 7 . . . 3 . Reject 2 | . . . 1 . 1 . . . . . Recyclers 4 | . . . 2 . 1 . . . 1 . Mask 1 | . . . 1 . . . . . . . Tunnel 7 | . 2 . 5 . . . . . . . Fedlink 7 | . . . . . 5 . . . 2 . Scanalyzers . | . . . . . . . . . . . Garrison Access . | . . . . . . . . . . . Data Cores Recovered 1 | . . . . . 1 . . . . . Used . | . . . . . . . . . . . Hacking Detections 34 | . 9 . 8 . 13 . . . 4 . Full Trace Events 3 | . . . . . 2 . . . 1 . Feedback Events . | . . . . . . . . . . . Feedback Blocked . | . . . . . . . . . . . Robot Schematics Acquired 6 | . 1 . 1 . . . 4 . . . Robots Built 2 | . . . . . 2 . . . . . Authchips . | . . . . . . . . . . . Time 233 | . . . . . 233 . . . . . Total Robot Build Rating 10 | . . . . . 10 . . . . . Part Schematics Acquired 10 | . . . . . . . 10 . . . Parts Built . | . . . . . . . . . . . Authchips . | . . . . . . . . . . . Time . | . . . . . . . . . . . Total Part Build Rating . | . . . . . . . . . . . Part Studies Acquired . | . . . . . . . . . . . Parts Repaired 4 | . 4 . . . . . . . . . Time 116 | . 116 . . . . . . . . . Parts Recycled . | . . . . . . . . . . . Recycled Matter . | . . . . . . . . . . . Retrieved Matter . | . . . . . . . . . . . Retrieved Components 12 | . . . 12 . . . . . . . Parts Scanalyzed . | . . . . . . . . . . . Part Schematics Acquired . | . . . . . . . . . . . Parts Damaged . | . . . . . . . . . . . Bothacking | -11 -10 -10 -9 -9 -6 -6 -6 -5 -5 -5 ------------ Run | Yrd Mat Sub Rec Scr Fac Low Dat Pro Fac Gar Used RIF Installer 1 | . . . . . . . . . . 1 Robots Hacked . | . . . . . . . . . . . Non-combat . | . . . . . . . . . . . Combat . | . . . . . . . . . . . Robot Hacks Applied . | . . . . . . . . . . . Relay Couplers Released 17 | . . . . . 4 . . . 1 12 Machine Destruction 13 | . . . . . . . . . 1 12 Programmers 4 | . . . . . 4 . . . . . Fabnet Peak Effective % . | . . . . . . . . . . . Robots Rewired . | . . . . . . . . . . . Allies Hacked . | . . . . . . . . . . . Hacks Repelled . | . . . . . . . . . . . Allies | -11 -10 -10 -9 -9 -6 -6 -6 -5 -5 -5 -------- Run | Yrd Mat Sub Rec Scr Fac Low Dat Pro Fac Gar Total Allies 7 | . 1 . . . 5 . . 1 . . Largest Group 3 | . 1 1 . . 3 . . 1 1 . Highest-Rated Group 96 | . 10 10 . . 87 . . 96 96 . Highest-Rated Ally 96 | . 10 10 . . 29 . . 96 96 . Initial UFD Resources 60 | . . . . . 22 42 42 46 46 60 Total Orders 2 | . . . . . 2 . . . . . EXPLORE 2 | . . . . . 2 . . . . . Ally Attacks 26 | . . . . . 9 . . 7 10 . Total Damage 590 | . . . . . 134 . . 138 318 . Kills 4 | . . . . . . . . 2 2 . Allies Corrupted . | . . . . . . . . . . . Allies Melted 1 | . . . . 1 . . . . . . Intel | -11 -10 -10 -9 -9 -6 -6 -6 -5 -5 -5 ------- Run | Yrd Mat Sub Rec Scr Fac Low Dat Pro Fac Gar Active Infowar (turns) 7377 | 179 1735 2191 . . 904 84 28 446 1224 586 Sensors 422 | . . . . . 422 . . . . . Terrain 4422 | 179 1735 2191 . . 18 1 . . 195 103 Traps 247 | . . . . . 247 . . . . . Decoding 2726 | . . . . . 745 83 28 446 1224 200 Jamming 334 | . . . . . . . . . . 334 Robot Analysis Total 9 | . 9 . . . . . . . . . Derelict Logs Recovered 7 | . . 2 . 3 . 1 . 1 . . Drone Launches 4 | . . . . . 4 . . . . . Drone Recoveries . | . . . . . . . . . . . Decoded 0b10 Intel 52 | . . . . . 13 . . . 34 5 Traps 9 | . . . . . . . . . 8 1 Emergency Access 5 | . . . . . . . . . 5 . Items 19 | . . . . . . . . . 15 4 Machines 3 | . . . . . . . . . 3 . Garrisons 1 | . . . . . 1 . . . . . Investigations 3 | . . . . . 3 . . . . . Reinforcements 8 | . . . . . 8 . . . . . Guards 3 | . . . . . 1 . . . 2 . Exits 1 | . . . . . . . . . 1 . Exploration | -11 -10 -10 -9 -9 -6 -6 -6 -5 -5 -5 ------------- Run | Yrd Mat Sub Rec Scr Fac Low Dat Pro Fac Gar Turns Passed 14678 | 233 1768 3563 1063 1950 2579 329 28 446 1224 1495 Spaces Moved 8716 | 103 913 1704 566 1129 1449 787 77 359 930 699 Core 137 | 1 . . . . 21 1 . 114 . . Treads 5379 | 102 913 1704 566 1129 556 . . . . 409 Legs 681 | . . . . . 681 . . . . . Wheels 1201 | . . . . . . . . . 911 290 Hover . | . . . . . . . . . . . Flight 1318 | . . . . . 191 786 77 245 19 . Fastest Speed 29 | 50 160 145 160 160 32 29 34 34 86 125 Average Speed 135 | 158 160 159 179 168 136 33 34 113 92 148 Slowest Speed 400 | 160 160 260 260 180 400 112 34 200 155 157 Overloaded Moves . | . . . . . . . . . . . Propulsion Burnouts . | . . . . . . . . . . . Robots Hopped 1 | . . . . . . 1 . . . . Potential Cave-ins . | . . . . . . . . . . . Cave-ins Triggered . | . . . . . . . . . . . Exploration Rate (%) 62 | 4 96 89 80 79 45 89 68 59 23 56 Regions Visited 10 Branch Regions 6 Pre-discovered Areas 15 | . 2 . 5 5 1 1 1 . . . Known Exits Taken 5 | . . 1 . 1 1 . . 1 1 . Unknown Exits Taken 5 | 1 1 . 1 . . 1 1 . . . Scrap Searched 23 | . . 6 . 11 . 5 . 1 . . Spaces Dug 69 | . 7 17 . 1 38 . . . . 6 Terrain Destroyed 789 | . 7 104 86 1 300 . . 11 131 149 Melee 12 | . . . . . 10 . . . . 2 Projectile 77 | . . 17 1 1 11 . . . 16 31 AOE 700 | . 7 87 85 . 279 . . 11 115 116 Terrain Rammed . | . . . . . . . . . . . Walls Destroyed . | . . . . . . . . . . . Machines Disabled . | . . . . . . . . . . . Actions | -11 -10 -10 -9 -9 -6 -6 -6 -5 -5 -5 --------- Run | Yrd Mat Sub Rec Scr Fac Low Dat Pro Fac Gar Total 10673 | 131 1129 2438 593 1165 1811 842 78 384 1140 962 Wait 903 | . 130 589 . . 64 27 . 9 50 34 Move 8705 | 102 912 1703 565 1128 1448 784 76 358 930 699 Hop 1 | . . . . . . 1 . . . . Pick Up 119 | 3 10 21 8 12 27 3 . . 21 14 Fast Attach 99 | 7 12 1 . . 25 11 1 2 13 27 Attach 44 | . 1 2 . . 25 2 . . 8 6 Detach 35 | . 1 2 . . 17 3 . 1 3 8 Swap 92 | . 8 21 1 . 22 1 . 2 22 15 Drop 98 | . 7 21 4 10 16 4 1 1 18 16 Fire 478 | 19 48 74 15 5 109 . . 6 73 129 Melee 80 | . . . . 10 53 6 . 5 1 5 Ram 2 | . . . . . . . . . 1 1 Kick 2 | . . . . . 2 . . . . . Crush 4 | . . 4 . . . . . . . . Escape Stasis 7 | . . . . . . . . . . 7 Rewire 3 | . . . . . 2 . . . . 1 Trap 1 | . . . . . 1 . . . . . Miscellaneous . | . . . . . . . . . . . Route ------- -11/Scrapyard -10/Materials (discovered 6 exits: *Mat x3 / *Min x2 / *Sub) -10/Subcaves (discovered 3 exits: *Mat x2 / *Rec) -9/Recycling (discovered 2 exits: *Fac / *Scr) -9/Scraptown (discovered 2 exits: *Fac x2) -6/Factory (discovered 6 exits: *Fac x4 / *Low x2) -6/Lower Caves (discovered 2 exits: *Low / *Dat) -6/Data Miner -5/Proximity Caves -5/Factory (discovered 3 exits: Fac x2 / Gar) -5/Garrison (discovered 2 exits: *Fac x2) History --------- Turn | Location | Event 10 | -11/Scrapyard | Discovered new exit (range 13) 234 | -11/Scrapyard | Entered Materials 311 | -10/Materials | Build established: Mutant 335 | -10/Materials | Discovered new exit (range 15) 419 | -10/Materials | Discovered new exit (range 9) 596 | -10/Materials | Discovered new exit (range 11) 702 | -10/Materials | Identified exit to Materials 702 | -10/Materials | Identified exit to Mines 845 | -10/Materials | Learned location of 2 exits from Subcaves 987 | -10/Materials | Learned 4 Subcaves zone layouts 1094 | -10/Materials | Learned 4 Subcaves zone layouts 1273 | -10/Materials | Repaired Assault Rifle 1504 | -10/Materials | Central database locked down 1748 | -10/Materials | Repaired Lgt. Nuclear Core 1775 | -10/Materials | Repaired Lgt. Treads 1803 | -10/Materials | Repaired Lgt. Treads 2002 | -10/Materials | Entered Subcaves 2002 | -10/Subcaves | Accompanied by 1 ally 2003 | -10/Subcaves | Approached by a straggling Scientist 2003 | -10/Subcaves | Identified exit to Materials 2004 | -10/Subcaves | Identified exit to Recycling 2337 | -10/Subcaves | Learned Materials trap positions 2527 | -10/Subcaves | A Subdweller sparked back to life 2527 | -10/Subcaves | A Subdweller sparked back to life 2527 | -10/Subcaves | A Subdweller sparked back to life 2556 | -10/Subcaves | Found Prototype Flight Unit 3030 | -10/Subcaves | A swath of the cavern ceiling suddenly collapsed 3054 | -10/Subcaves | Build established: Scavenger-Mutant 3124 | -10/Subcaves | Shifting Twisted Machinery released Sub. Monowheel 3126 | -10/Subcaves | Shifting Twisted Machinery released Piercing Trap 3180 | -10/Subcaves | Disturbed a concealed Subdweller 3180 | -10/Subcaves | Disturbed a concealed Subdweller 3492 | -10/Subcaves | Build established: Mutant 4006 | -10/Subcaves | Shifting Twisted Machinery released Sub. Optics 4021 | -10/Subcaves | Shifting Twisted Machinery released Sub. Beam Cannon 4178 | -10/Subcaves | Visited 4L-MR0's lab 4186 | -10/Subcaves | Identified Flightbrick 4193 | -10/Subcaves | Found Prototype Device 4193 | -10/Subcaves | Identified Sfc. Transmogrifier 4200 | -10/Subcaves | Found Power Bank 4352 | -10/Subcaves | Ambushed by Subdwellers from Twisted Machinery 4601 | -10/Subcaves | Learned Materials trap positions 4929 | -10/Subcaves | Shifting Twisted Machinery released Sub. Shrapnel Launcher 4932 | -10/Subcaves | Shifting Twisted Machinery released Scrap Shield 4943 | -10/Subcaves | A swath of the cavern ceiling suddenly collapsed 5171 | -10/Subcaves | Visited Clippyterm 5176 | -10/Subcaves | Learned Research security intel 5565 | -10/Subcaves | Entered Recycling 6065 | -9/Recycling | Discovered new exit (range 16) 6250 | -9/Recycling | Identified exit to Factory 6430 | -9/Recycling | Learned Storage stockpile data 6501 | -9/Recycling | Learned Storage emergency access door positions 6564 | -9/Recycling | Learned Materials stockpile data 6590 | -9/Recycling | Scanned before Scraplab entrance 6612 | -9/Recycling | Entered Scraplab 6618 | -9/Recycling | Learned Storage trap positions 6625 | -9/Recycling | Discovered new exit (range 2) 6628 | -9/Recycling | Entered Scraptown 6696 | -9/Scraptown | Heard Great Nut preacher, LISTEN AND RECITE! 6931 | -9/Scraptown | Scanned Subdweller tech in exchange for log data 6934 | -9/Scraptown | Learned Research stockpile data 6936 | -9/Scraptown | Learned Factory terminal intel 7016 | -9/Scraptown | Visited UFD Registry 7016 | -9/Scraptown | Registered with UFD as "Roughtorch" 7093 | -9/Scraptown | Discovered new exit (range 11) 7125 | -9/Scraptown | Guru changed UFD alias to "Gravcore" 7348 | -9/Scraptown | Visited Bundlers 7514 | -9/Scraptown | Visited Cyclists 7525 | -9/Scraptown | Entered Cyclist Reading Room 7557 | -9/Scraptown | Visited Awakened 7613 | -9/Scraptown | Visited Scrapoid Pod Storage 7700 | -9/Scraptown | Delivered Scrap Shield to a Scientist 7797 | -9/Scraptown | Visited Junk Cannon Lab 7805 | -9/Scraptown | Found Prototype Special Weapon 7864 | -9/Scraptown | Visited Science Guys 7928 | -9/Scraptown | Visited Infowarlord's Domain 7968 | -9/Scraptown | Visited Science Testing Area 8045 | -9/Scraptown | Visited Cartography Club 8115 | -9/Scraptown | Visited DA-N13 Charitable Foundation 8131 | -9/Scraptown | Found DCF Scrap (29 items) 8167 | -9/Scraptown | Visited Junk Repository 8349 | -9/Scraptown | Met Optimus 8349 | -9/Scraptown | Accepted into 0bPrime 8472 | -9/Scraptown | Civil war broke out across Scraptown 8477 | -9/Scraptown | Core integrity fell below 50% 8500 | -9/Scraptown | Learned location of Upper Caves (-5) 8500 | -9/Scraptown | Learned location of Zion (-7) 8500 | -9/Scraptown | Learned 20 Factory zone layouts 8500 | -9/Scraptown | Learned 12 Lower Caves zone layouts 8500 | -9/Scraptown | Learned 24 Upper Caves zone layouts 8500 | -9/Scraptown | Learned 8 Upper Caves zone layouts 8500 | -9/Scraptown | Learned 24 Proximity Caves zone layouts 8500 | -9/Scraptown | Learned location of 2 exits from Research 8500 | -9/Scraptown | Learned location of 2 exits from Lower Caves 8500 | -9/Scraptown | Learned location of 1 exit from Upper Caves 8500 | -9/Scraptown | Identified exit to Factory 8564 | -9/Scraptown | Core integrity fell below 20% 8574 | -9/Scraptown | Lost 11 allies 8578 | -9/Scraptown | Entered Factory 8578 | -6/Factory | Evolved 8 slots: Propulsion x4, Utility x3, Weapon x1 8579 | -6/Factory | Identified exit to Factory 8579 | -6/Factory | Identified exit to Lower Caves 8579 | -6/Factory | Attached Flightbrick, gained temporary slots: Utility x3 8581 | -6/Factory | Loaded intel: 26 terminal locations 8750 | -6/Factory | Loaded intel: 8 recycling unit locations 9364 | -6/Factory | Learned location of Protoforge (-2) 9826 | -6/Factory | Garrison activated, responded to threat 9950 | -6/Factory | Destroyed 17 combat bots 9959 | -6/Factory | Lost 6 parts (3n2u1w) 9978 | -6/Factory | First assault squad dispatched 9998 | -6/Factory | Discovered exit to Factory (range 25) 10202 | -6/Factory | Identified Junk Cannon 10418 | -6/Factory | Spotted B-75 Beast 10451 | -6/Factory | Fabricated E-15 Imp? 10551 | -6/Factory | Allied Derelicts emerged from ambush trap array 10597 | -6/Factory | Lost 6 allies 10989 | -6/Factory | System corruption reached 10% 11058 | -6/Factory | Attached Power Bank, gained temporary slots: Power x3 11062 | -6/Factory | Core integrity fell below 50% 11090 | -6/Factory | Lost 17 parts (1p13n1u2w) 11157 | -6/Factory | Entered Lower Caves 11158 | -6/Lower Caves | Identified exit to Lower Caves 11159 | -6/Lower Caves | UFD Scientist delivered a prototype 11165 | -6/Lower Caves | A Derelict revealed a hidden shortcut to meet someone special 11217 | -6/Lower Caves | Entered an active Warlord outpost 11220 | -6/Lower Caves | Learned location of 1 exit from Factory 11220 | -6/Lower Caves | Learned location of 1 exit from Research 11220 | -6/Lower Caves | Learned Research security intel 11450 | -6/Lower Caves | Found Prototype Protection 11486 | -6/Lower Caves | Entered Data Miner 11486 | -6/Data Miner | Discovered new exit (range 6) 11493 | -6/Data Miner | Met Data Miner 11499 | -6/Data Miner | Learned location of Section 7 (-2) 11499 | -6/Data Miner | Acquired the access code to Warlord's prototype stash 11504 | -6/Data Miner | Received God Mode back door access code from Data Miner 11514 | -6/Data Miner | Entered Proximity Caves 11583 | -5/Proximity Caves | Escorted by Enhanced Grunt 11713 | -5/Proximity Caves | Build established: Derelict-Mutant 11960 | -5/Proximity Caves | Entered Factory 11960 | -5/Factory | Accompanied by 1 ally 11960 | -5/Factory | Evolved 2 slots: Power x1, Utility x1 11961 | -5/Factory | Identified exit to Factory 12122 | -5/Factory | Watched by a mysterious "MATRIX" hacker 12122 | -5/Factory | Loaded intel: 8 recycling unit locations 12360 | -5/Factory | Build established: Tank 12882 | -5/Factory | Identified Enh. Scrap Shield 13021 | -5/Factory | Cargo convoy interrupted 13118 | -5/Factory | Incoming investigation squad redirected 13147 | -5/Factory | Garrison activated, responded to threat 13167 | -5/Factory | Build established: Gunner 13184 | -5/Factory | Identified exit to Garrison 13184 | -5/Factory | Entered Garrison 13208 | -5/Garrison | Triggered checkpoint 13213 | -5/Garrison | Lost 7 parts (1p4n2w) 13280 | -5/Garrison | Garrison Relay disabled 13395 | -5/Garrison | System corruption reached 10% 13436 | -5/Garrison | Core integrity fell below 50% 13484 | -5/Garrison | Core integrity fell below 20% 13506 | -5/Garrison | Destroyed 15 combat bots 13519 | -5/Garrison | Lost 11 parts (2p2n3u4w) 13662 | -5/Garrison | Triggered checkpoint 13700 | -5/Garrison | Installed Relay Interface Framework 13734 | -5/Garrison | Triggered checkpoint 13758 | -5/Garrison | Build established: Scavenger-Tank 13786 | -5/Garrison | Garrison Relay disabled 13882 | -5/Garrison | Discovered exit to Factory (range 12) 13958 | -5/Garrison | Triggered checkpoint 14183 | -5/Garrison | Discovered exit to Factory (range 11) 14216 | -5/Garrison | Triggered checkpoint 14236 | -5/Garrison | Garrison Relay disabled 14664 | -5/Garrison | Spotted Striker 14669 | -5/Garrison | Spotted Striker 14679 | -5/Garrison | Destroyed by Segregator Last Messages --------------- 14548_ System corrupted: Matter fused (-6). 14556_ Sfc. Transmogrifier converts Quantum Rifle into Adv. Concussive RPG. 14569_ ND%4IE,F0&H= & VZCBU>ECEGQ LX4:IMT< 14589_ System corrupted: Component data lost. 14599_ The unstable cave ceiling collapses. 14607_ NWY T=U6|IKHKBENKVYVOTVT ULQI,LQEJKSW8K7 14623_ System corrupted: Component data lost. 14639_ System corrupted: Prc. Rocket Launcher failed to launch. 14654_ System corrupted: Matter fused (-5). 14669_ Striker springs to life. 14673_ Machine disabled. 14676_ Discarded Prc. Rocket Launcher. 14677_ Neutrino Core blasted off. 14678_ Striker knocked back. 14678_ Acquired Neutrino Core. 14679_ Hyb. Fission Core lost to overload. 14679_ Striker Prototype Protection blown off. 14679_ Striker Prototype Ballistic Cannon blown off. Map ----- +----------------------------------------------------+ | ?????????# ###????????????????????? | | ?#######?# #??????????????????????? | | ## ## #### #######################? | | ## # # ## #? | | # # # ### #? | | # *[ *= ###### < ######### #? | | # [ # #????# #???????# #? | | # # = #????#####???????# #? | | # # = ##????????????????# #? | | ## % %# ###????????????????# #? | | ## # #### #??????????????????# #? | | ?#### # #??????????????????# #? | | ????## ## #??????????????????# #? | | ?????###### #??????????????????# #? | | ?????????## #??????????????????# #? | | ???????"""# #??????????????????# #? | | ???#" "" "# ####???????????????# #? | | ???#" "" " #???????????????# #? | | ????" "" " #???????????????# #? | | ???? #???????????????# #? | | ????" "" ##??????????????# #? | | ????" "" #??????????????# #? | | ????" "" #???????????????# #? | | ????"""" K ################# ## | | ?????### ] # | | ???????# K@ # | | ???????## % ;##################### | | ????????##% ##???????????????????? | | ?????????## ####????????????????????? | | ??????????##????????????????????????? | | ????????????????????????????????????? | | ????????????????????????????????????? | | ????????????????????????????????????? | | ????????????????????????????????????? | | ????????????????????????????????????? | | ????????????????????????????????????? | | ????????????????????????????????????? | | ????????????????????????????????????? | | ????????????????????????????????????? | | ????????????????????????????????????? | | ????????????????????????????????????? | | ????????????????????????????????????? | | ????????????????????????????????????? | | ????????????????????????????????????? | | ????????????????????????????????????? | | ????????????????????????????????????? | | ????????????????????????????????????? | | ????????????????????????????????????? | | ????????????????????????????????????? | | ????????????????????????????????????? | +----------------------------------------------------+ Best States ------------- Heat Dissipation 97 Coolant Potential 65 Energy Generation 31 Energy Capacity 1115 Matter Stores 300 Matter Capacity 300 Sight Range 16 Robot Scan Range 16 Terrain Scan Range 20 Terrain Scan Density 210 Jamming Range 14 Base Temperature (-) 150 Armor Coverage 800 Resistance: KI 25 Resistance: TH 25 Resistance: EM 20 Core Shielding 30 Point Defense Rating 240 Weapon Cycling 30 Evasion (%) 64 Targeting Accuracy 8 Melee Accuracy 6 Armor Integrity Analysis 30 Recoil Reduction 6 Energy Filtering 30 Offensive Hacking 10 Defensive Hacking 10 Authchip Count 4 Item Schematics ----------------- Combat Drone Bay | -6/Data Miner | Free Matter Neutralizer | -6/Data Miner | Free Lgt. Regenerative Plating | -6/Data Miner | Free Enh. Armored Leg | -6/Data Miner | Free Imp. Thermal Defense Suite | -6/Data Miner | Free Hvy. Proton Cannon | -6/Data Miner | Free Imp. Launcher Guidance Computer | -6/Data Miner | Free Imp. Linear Gravjet | -6/Data Miner | Free Adv. Actuator Array | -6/Data Miner | Free Imp. Phase Shifter | -6/Data Miner | Free Robot Schematics ------------------ O-16 Technician | -10/Materials | Hacked M-13 Machinist | -9/Recycling | Hacked M-22 Extractor | -6/Data Miner | Free R-10 Processor | -6/Data Miner | Free Y-64 Sentinel | -6/Data Miner | Free I-47 Archangel | -6/Data Miner | Free Fabricated ------------ E-15 Imp | x2 | -6/Factory | Preloaded Repaired ---------- Assault Rifle | 74% | -10/Materials Lgt. Nuclear Core | 36% | -10/Materials Lgt. Treads | 25% | -10/Materials Lgt. Treads | 42% | -10/Materials Studied --------- None Alien Tech Used ----------------- None Achievements -------------- Loot Taster Uncivil War Challenges ------------ None Game ------ Seed GravmagGhostMaterializer Manual? 0 Play Time 02:17:17 Cumulative 708.6 hours Start 2026.06.28 @ 10:00:43 End 2026.06.28 @ 12:22:59 Sessions 1 Manual Loads 0 Difficulty Rogue Special Mode None Game No. 347 Rogue 347 Adventurer 0 Explorer 0 Win Type - Total 7 Types 3/0/2/1/0/0/0/0/0/1 Lore% 87 Gallery% 76 Achievement% 59 Wizard Run 0 Options --------- Layout 2 ASCII 0 Keyboard 1 Movement Vi Keybinds 0 Fullscreen 1 Font 16/Proggy Map View 55x47 Zoom Use 0% Tactical HUD 1 Map Filters NONE Filters NONE Steam 0 RUN: dac7e768-3576-46fd-9c31-4a39723c3f84